 Dungeon Crawl Stone Soup version 0.27.1-1-g398f81649c (webtiles) character file.

Game seed: 6634102279709534494

388 Kangaroobicon the Ruffian (level 6, -4/53 HPs)
             Began as a Minotaur Monk on Sept 21, 2021.
             Killed by nerve-wracking pain
             ... invoked by an orc priest
              (14 damage)
             ... on level 4 of the Dungeon.
             The game lasted 00:18:18 (1984 turns).

Kangaroobicon the Ruffian (Minotaur Monk)           Turns: 1984, Time: 00:18:19

Health: -4/53      AC:  4    Str: 21    XL:     6   Next: 49%
Magic:  5/5        EV: 13    Int:  8    God:
Gold:   75         SH:  0    Dex: 14    Spells: 5/5 levels left

rFire    . . .     SeeInvis .     - Unarmed
rCold    . . .     Faith    .   (no shield)
rNeg     . . .     Spirit   .   f - +1 leather armour {rPois}
rPois    +         Reflect  .   (helmet restricted)
rElec    .         Harm     .   (no cloak)
rCorr    .         Rampage  .   (no gloves)
Will     .....                  (no boots)
Stlth    ++........             (no amulet)
HPRegen  0.17/turn              e - +6 ring of strength
MPRegen  0.09/turn              g - +4 ring of slaying

@: no status effects
A: horns 2, retaliatory headbutt
a: no special abilities


You were on level 4 of the Dungeon.
You visited 1 branch of the dungeon, and saw 4 of its levels.

You collected 75 gold pieces.

Inventory:

Hand Weapons
 d - a +0 hunting sling
 p - a +0 hunting sling
 q - a +1 dagger of speed
Missiles
 b - 41 stones (quivered)
 j - 14 arrows
 o - 18 bolts
Armour
 a - a +0 robe
 f - a +1 leather armour of poison resistance (worn)
Jewellery
 e - a +6 ring of strength (left hand)
 g - a +4 ring of slaying (right hand)
 h - a ring of flight
 l - a ring of fire
Scrolls
 i - a scroll of magic mapping {unknown}
 m - a scroll of vulnerability {unknown}
Potions
 c - a potion of brilliance {unknown}
 k - a potion of flight {unknown}
 n - a potion of ambrosia {unknown}
 r - a potion of curing {unknown}


   Skills:
 + Level 4.4 Fighting
 + Level 2.3 Armour
 + Level 4.6 Dodging
 + Level 2.9 Stealth
 + Level 5.8 Unarmed Combat


You had 5 spell levels left.
You didn't know any spells.
Your spell library was empty.

Dungeon Overview and Level Annotations

Branches:
Dungeon (3/15)

Altars:
Vehumet

Shops:
D:2 !


Innate Abilities, Weirdness & Mutations

You have a pair of horns on your head.
You reflexively headbutt those who attack you in melee.


Message History

You kill the worm!
Found a grey potion.
c - a glowing puce potion
r - a grey potion A giant cockroach and a kobold come into view.
Found a scroll labelled QOTEBI INWUEPP.
You feel a little less mighty now. 2 orcs come into view.
An orc is wielding a +1 dagger of venom.
Found a glowing yellow potion.
An orc priest comes into view. It is wielding a +0 hand axe.
The orc shouts!
The orc priest shouts!
You hear a shout!
The kobold hits you but does no damage.
The orc priest calls down the wrath of Beogh upon you.
Beogh smites you! The giant cockroach barely misses you.
The kobold throws a stone.
The stone misses you. The giant cockroach closely misses you.
You see here a scroll labelled QOTEBI INWUEPP.
The orc priest calls down the wrath of Beogh upon you.
Beogh smites you!
* * * LOW HITPOINT WARNING * * *
The orc hits you with a +0 war axe.
* * * LOW HITPOINT WARNING * * *
You barely miss the orc. You headbutt the orc.
The orc is moderately wounded.
The giant cockroach bites you but does no damage.
The orc barely misses you.
You closely miss the orc. Your headbutt misses the orc.
The orc is moderately wounded.
The giant cockroach bites you but does no damage.
The orc closely misses you. You furiously retaliate!
You headbutt the orc!
You kill the orc!
You punch the kobold!
You kill the kobold!
The giant cockroach bites you but does no damage.
You barely miss the giant cockroach. The giant cockroach bites you.
* * * LOW HITPOINT WARNING * * *
The orc priest calls down the wrath of Beogh upon you.
Pain shoots through your body!
You die...

#..# #...# ####
≈... ...# ....#
... ..# .....##..
.## .......#.. ##
..........# #
...........##
.............##
............@..##
..........o)B)..#
##
#.........o.....##
.##
#..!.............#
..#
#..............##
..#
#............##
..# ####........##
..# ##.####.##
..########..# ###


You could see an orc priest, an orc and a giant cockroach.

Vanquished Creatures
  Sigmund (D:2)
  Menkaure (D:4)
  A scorpion (D:4)
  An iguana (D:2)
  2 worms
  A dart slug (D:1)
  An orc (D:4)
  4 ball pythons
  6 endoplasms
  3 goblins
  7 jackals (D:1)
  3 kobolds
  4 quokkas
  A bat (D:2)
  A frilled lizard (D:2)
  7 rats
44 creatures vanquished.

Notes
Turn   | Place    | Note
-------+----------+-------------------------------------------
     0 | D:1      | Kangaroobicon the Minotaur Monk began the quest for the
                  | Orb.
     0 | D:1      | Reached XP level 1. HP: 19/19 MP: 0/0
   165 | D:1      | Reached XP level 2. HP: 18/27 MP: 1/1
   751 | D:1      | Reached XP level 3. HP: 33/33 MP: 2/2
   926 | D:2      | Found Uxoeschyfe's Distillery.
   926 | D:2      | Noticed Sigmund
   957 | D:2      | Killed Sigmund
   958 | D:2      | Reached skill level 1 in Armour
   958 | D:2      | Reached skill level 4 in Unarmed Combat
   958 | D:2      | Reached XP level 4. HP: 12/40 MP: 3/3
   958 | D:2      | Reached XP level 5. HP: 13/46 MP: 4/4
   974 | D:2      | Reached skill level 5 in Unarmed Combat
  1581 | D:2      | Found a faded altar of an unknown god.
  1670 | D:2      | Found a radiant altar of Vehumet.
  1901 | D:3      | You fall into a shaft and drop 1 floor!
  1925 | D:4      | Noticed Menkaure
  1939 | D:4      | Killed Menkaure
  1940 | D:4      | Reached XP level 6. HP: 30/53 MP: 5/5
  1984 | D:4      | Killed from afar by an orc priest

Illustrated notes

Levels and vault maps discovered:
D:1:      dpeg_arrival_refuge, layout_basic
D:2:      layout_rooms, serial_shops, shop,
          hellmonk_ecumenical_altar_heavens_door, kennysheep_flooded_box,
          grunt_decor_mini_mirrors, grunt_decor_arrowhead, uniq_sigmund
D:3:      minmay_roachtagon, layout_basic
D:4:      layout_cave_pods, lightli_sewer_entry_pipes, uniq_grinder,
          uniq_natasha, uniq_menkaure

Skill      XL: |  1  2  3  4  5 |
---------------+----------------+-----
Fighting       | 4 |  4.4
Armour         | 1 2 |  2.3
Dodging        | 4 |  4.6
Stealth        | 2 |  2.9
Unarmed Combat | 4 5 |  5.8

Action                   |  1- 3 |  4- 6 || total
-------------------------+-------+-------++-------
Melee: Unarmed           |    55 |    26 ||    81
       Headbutt          |     9 |     6 ||    15
       Punch             |     1 |       ||     1
Throw: Stone             |     1 |     1 ||     2
  Use: Potion            |     1 |     1 ||     2
 Stab: Sleeping          |     2 |     1 ||     3
Armor: Robe              |     4 |       ||     4
       Leather armour    |     5 |    10 ||    15
Dodge: Dodged            |    26 |    12 ||    38
